 Dungeon Crawl Stone Soup version 0.30-a0-1160-g6e42c06551 (webtiles) character file.

Game seed: 142305137562839361

123 Turgor the Magician (level 4, 0/30 HPs)
             Began as a Mummy Hedge Wizard on Apr 20, 2023.
             Slain by a river rat (8 damage)
             ... in a sewer on Apr 25, 2023.
             The game lasted 00:17:46 (3010 turns).

Turgor the Magician (Mummy Hedge Wizard)            Turns: 3010, Time: 00:17:47

Health: 0/30       AC:  4    Str: 13    XL:     4   Next: 79%
Magic:  3/10       EV: 12    Int: 15    God:
Gold:   126        SH:  0    Dex: 11    Spells: 6/12 levels left

rFire   x . .        j - +1 dagger (freeze)
rCold   + . .        (no shield)
rNeg    + + +        b - +1 robe
rPois   ∞            i - +0 helmet
rElec   .            (no cloak)
rCorr   .            (no gloves)
SInv    .            (no boots)
Will    .....        (no amulet)
Stlth   ++           g - ring of wizardry
HPRegen 0.25/turn    (no ring)
MPRegen 0.12/turn

%: faith, wizardry (x1)
@: no status effects
A: cold resistance 1, negative energy resistance 3, torment resistance 2, heat
vulnerability 1, in touch with death 1, no potions, faith
a: no special abilities


You were in a sewer.
You visited 1 branch of the dungeon, and saw 3 of its levels.
You also visited: Sewer.

You collected 126 gold pieces.

Inventory:

Hand Weapons
 j - a +1 dagger of freezing (weapon)
Missiles
 c - 4 boomerangs
 l - 11 poisoned darts
Armour
 b - a +1 robe (worn)
 i - a +0 helmet (worn)
Jewellery
 g - a ring of wizardry (left hand)
 m - a ring of see invisible
Scrolls
 a - a scroll of brand weapon
 d - a scroll of enchant armour
 e - 2 scrolls of teleportation
 f - a scroll of magic mapping
 h - a scroll of fear
 k - a scroll of identify


   Skills:
 - Level 2.0 Dodging
 - Level 2.0 Stealth
 + Level 4.6 Spellcasting
 + Level 1.8 Conjurations
 + Level 1.2 Hexes
 + Level 1.5 Summonings
 + Level 1.5 Translocations


You had 6 spell levels left.
You knew the following spells:

 Your Spells              Type           Power      Damage    Failure   Level
a - Magic Dart            Conj           32%        1d4       3%          1
b - Slow                  Hex            28%        N/A       4%          1
c - Blink                 Tloc           16%        N/A       5%          2
d - Call Imp              Summ           16%        N/A       6%          2

Your spell library contained the following spells:

 Spells                   Type           Power      Damage    Failure   Level
 Cigotuvi's Dreadful Rot  Necr/Pois/Air  10%        N/A       11%         2
 Mephitic Cloud           Conj/Pois/Air  5%         N/A       16%         3
 Manifold Assault         Tloc           8%         N/A       32%         4
 Storm Form               Tmut/Air       Unusable   N/A       N/A         7

Dungeon Overview and Level Annotations

Branches:
Dungeon (3/15)              Sewer (1/1)

Altars:

Annotations:
D:3 1 runed translucent door, Glaciallarry's ghost, amateur DjWr


Innate Abilities, Weirdness & Mutations

You are immune to poison.
Your flesh is cold resistant. (rC+)
You are immune to negative energy. (rN+++)
You are immune to unholy pain and torment.
You are vulnerable to heat. (rF-)
You are in touch with the powers of death.
You do not drink.
You have a special connection with the divine. (Faith)


Message History

You hit the river rat but do no damage.
The river rat is moderately wounded.
The river rat closely misses you.
The frilled lizard bites you but does no damage.
You barely miss the river rat.
The river rat is moderately wounded.
The river rat bites you. The frilled lizard closely misses you.
You closely miss the river rat.
The river rat is moderately wounded.
The river rat barely misses you. The frilled lizard closely misses you.
You closely miss the river rat.
The river rat is moderately wounded.
The river rat bites you. The frilled lizard closely misses you.
You barely miss the river rat.
The river rat is moderately wounded.
The river rat bites you. The frilled lizard barely misses you.
You hit the river rat but do no damage.
The river rat is moderately wounded.
The river rat bites you but does no damage.
The frilled lizard bites you.
You closely miss the river rat.
The river rat is moderately wounded.
The river rat bites you.
The frilled lizard bites you but does no damage.
You hit the river rat. You freeze the river rat.
The river rat is heavily wounded.
The river rat bites you. The frilled lizard misses you.
You hit the river rat. You freeze the river rat.
The river rat is severely wounded.
The river rat bites you.
* * * LOW HITPOINT WARNING * * *
The frilled lizard barely misses you.
You hit the river rat. You freeze the river rat.
The river rat is almost dead.
The river rat barely misses you. The frilled lizard bites you.
* * * LOW HITPOINT WARNING * * *
You hit the river rat but do no damage.
The river rat is almost dead.
The river rat bites you!
You die...

†.....##
÷.....#
##~~~~.#
#~††~~~#
#≈~~†≈≈#
#≈~~†≈≈#
#≈≈r~≈≈#
#≈rl≈≈≈#
#≈@~≈~≈#
#≈~#~~≈#
#≈≈≈~.≈#
#≈~#~≈≈#
#≈~~#≈≈#
#≈≈~~≈≈#
#≈~~≈≈≈#
#≈≈~~~≈#
#≈≈≈~≈≈#


You could see a river rat, a frilled lizard and a rat.

Vanquished Creatures
  6 adders
  A river rat (Sewer)
  A worm (D:3)
  A dart slug (D:1)
  6 ball pythons
  4 endoplasms
  2 giant cockroaches
  3 goblins
  3 hobgoblins
  8 jackals
  3 quokkas
  3 bats
  A frilled lizard (D:2)
  3 kobolds
  9 rats
54 creatures vanquished.

Vanquished Creatures (collateral kills)
  A hobgoblin (D:2)
1 creature vanquished.

Vanquished Creatures (others)
  4 plants (D:3)
4 creatures vanquished.

Grand Total: 59 creatures vanquished

Notes
Turn   | Place    | Note
-------+----------+-------------------------------------------
     0 | D:1      | Turgor the Mummy Hedge Wizard began the quest for the Orb.
     0 | D:1      | Reached XP level 1. HP: 13/13 MP: 5/5
   230 | D:1      | Reached skill level 1 in Conjurations
   412 | D:1      | Learned a level 1 spell: Slow
   451 | D:1      | Reached skill level 1 in Summonings
   451 | D:1      | Reached skill level 1 in Translocations
   543 | D:1      | Reached XP level 2. HP: 10/19 MP: 0/7
   619 | D:1      | Found a faded altar of an unknown god.
   627 | D:1      | Upgraded the game from 0.30-a0-1114-gd936c97349 to
                  | 0.30-a0-1160-g6e42c06551
  1466 | D:2      | Gained mutation: You are in touch with the powers of death.
                  | [Mummy growth]
  1466 | D:2      | Reached XP level 3. HP: 22/24 MP: 5/8
  1932 | D:2      | Learned a level 2 spell: Blink
  1935 | D:2      | Learned a level 2 spell: Call Imp
  2305 | D:3      | Noticed a bullfrog
  2333 | D:3      | Found a runed translucent door.
  2333 | D:3      | Noticed Glaciallarry's ghost (amateur DjWr)
  2642 | D:3      | Found a glowing drain.
  2683 | D:3      | Reached XP level 4. HP: 24/30 MP: 7/10
  2704 | D:3      | Reached skill level 1 in Hexes
  2780 | Sewer    | Entered a sewer
  3010 | Sewer    | Slain by a river rat

Illustrated notes

Levels and vault maps discovered:
D:1:      lightli_arrival_statue_moat, layout_loops_ring,
          chequers_ecumenical_altar_lobes, chequers_big_river, st_stairs_12
D:2:      layout_rooms, serial_forest, infiniplex_forest_clump_small,
          infiniplex_forest_straight_3, infiniplex_forest_straight_4,
          infiniplex_forest_pool, infiniplex_forest_end_3,
          infiniplex_forest_lined_2, chequers_avenue
D:3:      layout_rooms, nicolae_elyvilon_temple_path, gup_sewer_entry_glass,
          hellmonk_ghost_happy_afterlife, patterned_corridor
Sewer:    sewer_minmay_w

Skill      XL: |  1  2  3  4 |
---------------+-------------+-----
Conjurations   | 1 |  1.8
Summonings     | 1 |  1.5
Translocations | 1 |  1.5
Stealth        | 2 |  2.0
Dodging        | 2 |  2.0
Hexes          | 1 |  1.2
Spellcasting   | |  4.6

Action                     |  1- 3 |  4- 6 || total
---------------------------+-------+-------++-------
  Melee: Dagger            |    67 |    36 ||   103
  Throw: Boomerang         |     2 |       ||     2
   Cast: Magic Dart        |   107 |    39 ||   146
         Slow              |     2 |       ||     2
         Call Imp          |     2 |       ||     2
    Use: Scroll            |     5 |       ||     5
   Stab: Sleeping          |     1 |       ||     1
 Armour: Robe              |    24 |    16 ||    40
  Dodge: Dodged            |    55 |    40 ||    95

Table legend: (Time is in decaauts)
 A = Elapsed time spent in this place.
 B = Non-inter-level travel time spent in this place.
 C = Inter-level travel time spent in this place.
 D = Time resting spent in this place.
 E = Time spent auto-exploring this place.
 F = Levels seen in this place.
 G = Mean time per level.
                   A        B        C        D        E       F      G
               +--------+--------+--------+--------+--------+-----+--------+
         Total |   3032 |   2962 |     70 |    351 |   1774 |   4 |  758.0 |
       Dungeon |   2789 |   2719 |     70 |    279 |   1665 |   3 |  929.7 |
         Sewer |    242 |    242 |      0 |     72 |    109 |   1 |  242.0 |
               +--------+--------+--------+--------+--------+-----+--------+

Top non-repeatable levels by time:
     D:1: 1353 daAuts
     D:2: 929 daAuts
     D:3: 507 daAuts
   Sewer: 242 daAuts
